 Dungeon Crawl Stone Soup version 0.10-a0-657-g640f415 character file.

1008 vogonpoet the Magician (level 7, -4/42 HPs)
             Began as an Octopode Fire Elementalist on Sept 11, 2011.
             Slain by a phantom (8 damage)
             ... on Level 6 of the Dungeon.
             The game lasted 00:34:23 (5483 turns).

vogonpoet the Magician (Octopode Fire Elementalist) Turns: 5483, Time: 00:34:23

HP  -4/42        AC  1     Str  8      XL: 7   Next: 85%
MP  10/26        EV 12     Int 24      God:
Gold 223         SH  0     Dex 12      Spells:  4 memorised,  6 levels left

Res.Fire  : . . .   See Invis. : .   N - +2,-1 orc short sword (speed)
Res.Cold  : . . .   Warding    : . . (no shield)
Life Prot.: . . .   Conserve   : .   (helmet restricted)
Res.Acid. : . . .   Res.Corr.  : .   (no amulet)
Res.Poison: .       Clarity    : .   e - ring of magical power
Res.Elec. : .       Spirit.Shd : .   (no ring)
Sust.Abil.: . .     Stasis     : .   (no ring)
Res.Mut.  : .       Ctrl.Telep.: .   (no ring)
Res.Rott. : .       Levitation : .   (no ring)
Saprovore : . . .   Ctrl.Flight: .   (no ring)
                                     (no ring)
                                     (no ring)

@: brilliant, very slightly contaminated, slightly resistant to hostile
enchantments, quite stealthy
A: almost no armour, amphibious, beak, camouflage 1, tentacles 3, AC +1
a: no special abilities


You were on level 6 of the Dungeon.
You were not hungry.

You visited 1 branch of the dungeon, and saw 7 of its levels.
You visited 1 portal chamber: sewer.

You collected 203 gold pieces.

Inventory:

Hand weapons
 d - a +5,+1 elven sabre
 p - a -1,+1 orcish dagger
 I - a +0,+0 sling
 K - a -1,+0 orcish falchion
 N - a +2,-1 orcish short sword of speed (weapon)
 O - a +0,+0 sling
 P - a +0,+0 dagger
Missiles
 i - 54 +0 darts (quivered)
 k - 5 +0 needles of confusion
 s - 3 +0 darts of dispersal
 u - 4 +1 darts of flame
 y - 15 +0 arrows
 F - 52 +0 sling bullets
 M - a poisoned +0 needle
 S - 2 poisoned +0 darts
Comestibles
 c - 2 bread rations
 g - 2 meat rations
 t - 2 chunks of goblin flesh
 x - a chunk of goblin flesh
 B - a chunk of giant newt flesh
 J - 3 apples
 L - an orange
Scrolls
 a - a scroll of curse weapon {unknown}
 f - a scroll of recharging {unknown}
 h - a scroll of enchant weapon I {unknown}
 j - a scroll of enchant armour {unknown}
 n - 5 scrolls of identify {unknown}
 o - 3 scrolls of remove curse {unknown}
 q - 2 scrolls of fog {unknown}
 w - a scroll of curse jewellery {unknown}
 z - a scroll of blinking {unknown}
 E - 2 scrolls of teleportation {unknown}
 G - 2 scrolls of detect curse {unknown}
 H - a scroll of enchant weapon II {unknown}
 Q - a scroll of immolation {unknown}
Jewellery
 e - a ring of magical power (on tentacle)
 A - an uncursed ring of protection from magic {unknown}
Potions
 l - a potion of restore abilities {unknown}
 m - 7 potions of healing
 r - 4 potions of brilliance
 v - 3 potions of heal wounds {unknown}
Books
 b - a book of Flames

   Spells                             Type                      Level
   *Flame Tongue                      Conjuration/Fire             1
   *Throw Flame                       Conjuration/Fire             2
   *Conjure Flame                     Conjuration/Fire             3
   Inner Flame                        Hexes/Fire                   3
   *Sticky Flame                      Conjuration/Fire             4
   Fireball                           Conjuration/Fire             5


   Skills:
 + Level 2 Fighting
 + Level 1 Short Blades
 - Level 2 Dodging
 - Level 3 Stealth
 + Level 2 Stabbing
 - Level 1 Traps & Doors
 - Level 1 Unarmed Combat
 * Level 5 Spellcasting
 + Level 3 Conjurations
 + Level 5 Fire Magic


You had 6 spell levels left.
You knew the following spells:

 Your Spells              Type           Power        Success   Level  Hunger
a - Flame Tongue          Fire/Conj      ######       Excellent   1    None
b - Throw Flame           Fire/Conj      ######.      Excellent   2    None
c - Conjure Flame         Fire/Conj      ######...    Excellent   3    Strawberry
d - Sticky Flame          Fire/Conj      ######...    Excellent   4    Honeycomb

Dungeon Overview and Level Annotations

Branches:
Dungeon (7/27)
 Temple: D:4-7          Orc: D:6-11

Altars:
Elyvilon
Fedhas
Kikubaaqudgha
Makhleb

Annotations
D:3 Grinder


Innate Abilities, Weirdness & Mutations

You cannot wear most types of armour.
You can wear up to eight rings at the same time.
You are amphibious.
You have a beak for a mouth.
Your rubbery body absorbs attacks (AC +1).
Your skin changes color to match your surroundings (Stlth).
You have a mass of large tentacles instead of arms.


Message History

Aim: A phantom (lightly damaged)
The sticky flame hits the phantom.
The phantom is moderately damaged.
The phantom hits you!
* * * LOW HITPOINT WARNING * * *
Drink which item? (? for menu, Esc to quit)
You feel more clever all of a sudden.
It was a potion of brilliance.
The phantom misses you.
Drink which item? (? for menu, Esc to quit)
You feel better. The phantom hits you!
* * * LOW HITPOINT WARNING * * *
Casting: Sticky Flame
Confirm with . or Enter, or press ? or * to list all spells.
Aiming: Flame Tongue
Press: ? - help, Shift-Dir - straight line, f/p - phantom
Aim: A phantom (moderately damaged)
The flame hits the phantom.
The phantom is moderately damaged.
The phantom hits you!
You die...

#......# #.......... #.#
#...$.?###..........# ######.###
#......>............# #........#
#.......##..........# #........#
##......###..........###.....<..#
........# #............#.o......#
##......# #..........#..........#
#......# ######p#######..o.....#
#......# #@# #..o.....# ###.####
#.# ######.### #.# #.# #.# ##.#
####.###### #.# ##..###
#.........#######%### #.....#
##.............%...... ##.....#
#..........####.......
.......#####..........# ##.....<
##....................# #......


You could see a phantom.

Vanquished Creatures
  2 ogres (D:5)
  A centaur (D:5)
  A big kobold (Port)
  A big fish (Port)
  An imp (D:6)
  An orc priest (D:6)
  2 hounds
  Crazy Yiuf (D:5)
  An iguana (D:5)
  2 worker ants
  Ijyb (D:3)
  2 jellies
  2 snakes
  An iguana skeleton (D:5)
  2 worms
  A giant mite (D:4)
  A grey rat (Port)
  5 giant geckos
  9 orcs
  8 giant cockroaches
  22 goblins
  10 hobgoblins
  10 kobolds
  2 quokkas
  3 small snakes
  11 bats
  4 giant newts
  2 jackals (Port)
  20 rats
  A rat skeleton (D:4)
  A fungus (D:6)
  2 toadstools (D:5)
133 creatures vanquished.

Vanquished Creatures (others)
  2 orcs (D:6)
  A hobgoblin (D:6)
  3 jackals (D:6)
  5 toadstools
11 creatures vanquished.

Grand Total: 144 creatures vanquished

Notes
Turn   | Place    | Note
--------------------------------------------------------------
     0 | D:1      | vogonpoet, the Octopode Fire Elementalist, began the quest for the Orb.
     0 | D:1      | Reached XP level 1. HP: 11/11 MP: 3/3
   367 | D:1      | Reached XP level 2. HP: 17/17 MP: 4/4
   371 | D:1      | Learned a level 2 spell: Throw Flame
   402 | D:1      | Reached skill level 4 in Fire Magic
   913 | D:1      | Reached XP level 3. HP: 13/21 MP: 5/5
  1273 | D:1      | Learned a level 3 spell: Conjure Flame
  1332 | D:2      | Found an ancient bone altar of Kikubaaqudgha.
  2244 | D:3      | Reached XP level 4. HP: 14/27 MP: 7/8
  2274 | D:3      | Noticed Grinder
  2489 | D:3      | Noticed Ijyb
  2495 | D:3      | Defeated Ijyb
  2495 | D:3      | Reached skill level 1 in Fighting
  2495 | D:3      | Reached skill level 1 in Stabbing
  2771 | D:4      | Found a burning altar of Makhleb.
  2928 | D:4      | Found a blossoming altar of Fedhas.
  2980 | D:4      | Reached XP level 5. HP: 31/31 MP: 10/10
  3060 | D:4      | Learned a level 4 spell: Sticky Flame
  3294 | D:5      | Entered Level 5 of the Dungeon
  3302 | D:5      | Reached XP level 6. HP: 4/36 MP: 5/14
  3325 | D:5      | Reached skill level 1 in Short Blades
  3325 | D:5      | Reached skill level 1 in Traps & Doors
  3758 | D:5      | Found a glowing drain. 3871
                  | sewer
                  | Entered the sewers 3953
                  | sewer
                  | Reached XP level 7. HP: 40/42 MP: 11/16 4129
                  | sewer
                  | Found a glowing silver altar of Zin.
  4363 | D:5      | HP: 2/42 [imp (4)]
  5023 | D:6      | Reached skill level 5 in Spellcasting
  5163 | D:5      | Noticed Crazy Yiuf
  5176 | D:5      | Defeated Crazy Yiuf
  5176 | D:5      | Reached skill level 5 in Fire Magic
  5346 | D:6      | Found a white marble altar of Elyvilon.
  5393 | D:7      | Reached skill level 1 in Unarmed Combat
  5477 | D:6      | HP: 1/42 [phantom (10)]
  5483 | D:6      | Slain by a phantom
